 Dungeon Crawl Stone Soup version 0.23-a0-607-g760965b (console) character file.

360 Duffy the Chopper (level 6, 0/60 HPs)
             Began as a Naga Gladiator on Dec 20, 2018.
             Was an Initiate of the Shining One.
             Slain by Grinder (6 damage)
             ... on level 3 of the Dungeon.
             The game lasted 00:04:55 (3819 turns).

Duffy the Chopper (Naga Gladiator)                  Turns: 3819, Time: 00:04:57

Health: 0/60       AC:  7    Str: 24    XL:     6   Next: 65%
Magic:  6/6        EV:  9    Int:  8    God:    the Shining One [......]
Gold:   216        SH:  0    Dex: 12    Spells: 5/5 levels left

rFire    . . .     SeeInvis +   a - +0 war axe
rCold    . . .     Gourm    .   (no shield)
rNeg     . . .     Faith    .   l - +1 ring mail {MR+}
rPois    +         Spirit   .   c - +0 helmet
rElec    .         Reflect  .   (no cloak)
rCorr    .         Harm     .   w - +0 pair of gloves
MR       +....                  (no barding)
Stlth    +.........             (no amulet)
HPRegen  0.20/turn              (no ring)
MPRegen  0.10/turn              (no ring)

@: mighty, glowing, very slow
A: large, stinger 1, see invisible, deformed body, poison resistance, robust 1,
slowness 2, slow metabolism 1, spit poison 1, AC +2
a: Spit Poison, Renounce Religion


You were on level 3 of the Dungeon.
You worshipped the Shining One.
The Shining One was noncommittal.
You were not hungry.

You visited 2 branches of the dungeon, and saw 5 of its levels.

You collected 216 gold pieces.

Inventory:

Hand Weapons
 a - a +0 war axe (weapon)
Missiles
 d - 3 throwing nets
 j - 3 javelins (quivered)
 p - 7 curare-tipped needles
Armour
 b - a +0 leather armour
 c - a +0 helmet (worn)
 l - a +1 ring mail of magic resistance (worn)
 w - a +0 pair of gloves (worn)
Wands
 o - a wand of digging (4)
Scrolls
 e - 4 scrolls of fear {unknown}
 g - 4 scrolls of teleportation {unknown}
 k - 4 scrolls of identify {unknown}
 q - a scroll of immolation {unknown}
 r - 3 scrolls of fog {unknown}
 t - a scroll of remove curse {unknown}
 v - a scroll of blinking {unknown}
 y - a scroll of amnesia {unknown}
Potions
 h - 2 potions of mutation
 i - a potion of might
 m - a potion of lignification {unknown}
 n - a potion of invisibility {unknown}
 s - 2 potions of brilliance {unknown}
 u - a potion of berserk rage {unknown}
 x - 2 potions of curing {unknown}
 z - a potion of resistance {unknown}
Comestibles
 f - 3 rations


   Skills:
 + Level 2.4 Fighting
 + Level 7.0 Axes
 - Level 1.7 Throwing
 + Level 0.8 Armour
 - Level 2.4 Dodging


You had 5 spell levels left.
You didn't know any spells.
Your spell library was empty.

Dungeon Overview and Level Annotations

Branches:
Dungeon (4/15)             Temple (1/1) D:4

Altars:
Ashenzari
Cheibriados
Dithmenos
Elyvilon
Makhleb
Nemelex Xobeh
Sif Muna
Trog
Wu Jian
The Shining One

Annotations:
D:3 Grinder
D:4 3 runed doors, confidenceinterval's ghost, amateur MfSu


Innate Abilities, Weirdness & Mutations

You cannot wear boots.
Your serpentine skin is tough. (AC +2)
You have supernaturally acute eyesight. (SInv)
Armour fits poorly on your strangely shaped body.
Your system is resistant to poisons. (rPois)
You cover ground very slowly.
You have a slow metabolism.
You can spit poison.
Your tail ends in a poisonous barb.
You are robust. (+10% HP)


Message History

Grinder gestures at you.
You suddenly lose the ability to move!
Grinder hits you but does no damage. Grinder hits you.
You writhe in agony.
Grinder blinks!
Grinder says, "Don't move a muscle."
Grinder hits you!
You can move again.
You slash Grinder!
Grinder is moderately wounded.
Grinder hits you!
You writhe in agony.
Okay, then.
It was a potion of mutation.
You feel extremely strange.
A poisonous barb forms on the end of your tail.
You feel robust. Grinder hits you!
You writhe in agony.
It was a potion of might.
You feel very mighty all of a sudden. Grinder hits you.
You die...

......^.# #.#
#######.# #.# #.#
#.# #.# #.# #.#
#.# #.# #5# #.#
#.#
#.##############.#
#..........@5....#
#.##############.#
### ###


You could see Grinder.

Vanquished Creatures
  A phantom (Temple)
  A howler monkey (Temple)
  An orc priest (D:3)
  Jessica (D:4)
  A worker ant (D:4)
  7 adders
  A worm (Temple)
  8 orcs
  2 ball pythons
  12 bats
  4 giant cockroaches
  10 goblins
  5 hobgoblins
  12 jackals
  4 frilled lizards
  6 kobolds
  6 rats
82 creatures vanquished.

Notes
Turn   | Place    | Note
-------+----------+-------------------------------------------
     0 | D:1      | Duffy the Naga Gladiator began the quest for the Orb.
     0 | D:1      | Reached XP level 1. HP: 19/19 MP: 1/1
   265 | D:2      | Reached XP level 2. HP: 25/26 MP: 2/2
   585 | D:2      | Reached skill level 4 in Axes
   741 | D:2      | Reached XP level 3. HP: 32/32 MP: 3/3
  1018 | D:4      | Reached XP level 4. HP: 11/39 MP: 4/4
  1234 | D:4      | Noticed confidenceinterval's ghost (amateur MfSu)
  1235 | D:4      | Found a runed gate.
  1236 | D:4      | Found a runed gate.
  1237 | D:4      | Found a runed gate.
  1265 | D:4      | Reached skill level 5 in Axes
  1467 | D:4      | Found a staircase to the Ecumenical Temple.
  1476 | Temple   | Entered the Ecumenical Temple
  1820 | Temple   | Became a worshipper of the Shining One
  1839 | Temple   | Reached XP level 5. HP: 43/45 MP: 5/5
  1864 | D:3      | Noticed Jessica
  2071 | D:4      | Noticed a phantom
  2073 | D:4      | Killed Jessica
  2073 | D:4      | Reached skill level 6 in Axes
  2147 | Temple   | Killed a phantom
  2147 | Temple   | Reached XP level 6. HP: 44/52 MP: 6/6
  2235 | D:3      | Found a faded altar of an unknown god.
  3551 | D:3      | Reached skill level 7 in Axes
  3790 | D:3      | Noticed Grinder
  3810 | D:3      | Paralysed by Grinder for 7 turns
  3818 | D:3      | Gained mutation: Your tail ends in a poisonous barb.
                  | [potion of mutation]
  3818 | D:3      | Gained mutation: You are robust. (+10% HP) [potion of
                  | mutation]
  3819 | D:3      | Slain by Grinder

Vault maps used:
D:1:      arrival_zaba_pyramid
D:2:      first_ration
D:3:      overflow_temple_1_default, chequers_ecumenical_altar_simple,
          uniq_jessica, uniq_grinder
D:4:      grunt_gozag_statues, minmay_temple_entry_slanted,
          gammafunk_ghost_split, serial_rivers, chequers_serial_rivers_small_a,
          chequers_serial_rivers_marsh, chequers_serial_rivers_room_a,
          chequers_serial_rivers_large_a, chequers_serial_rivers_room_b,
          chequers_serial_rivers_micro_e, uniq_robin
Temple:   dpeg_chambers_temple

Skill      XL: |  1  2  3  4  5  6 |
---------------+-------------------+-----
Axes           | 4 5 6 7 |  7.0
Fighting       | |  2.4
Throwing       | |  1.7
Armour         | |  0.8
Dodging        | |  2.4

Action                   |  1- 3 |  4- 6 || total
-------------------------+-------+-------++-------
Melee: War axe           |    82 |   148 ||   230
 Abil: Spit Poison       |     7 |    11 ||    18
  Use: Potion            |       |     2 ||     2
  Eat: Chunk             |       |     8 ||     8
Armor: Leather armour    |    33 |     2 ||    35
       Ring mail         |       |    96 ||    96
Dodge: Dodged            |    73 |    83 ||   156

Table legend:
 A = Non-vault XP
 B = Vault XP
 C = Vault XP percentage of total XP
 D = Non-vault monster count
 E = Vault monster count
 F = Vault count percentage of total count
                 A         B        C        D         E       F
            +---------+---------+-------+---------+---------+-------
      Total |     478 |      37 |   7.2 |      81 |       1 |   1.2
            +---------+---------+-------+---------+---------+-------
        D:1 |      25 |       0 |   0.0 |      16 |       0 |   0.0
        D:2 |      88 |       0 |   0.0 |      25 |       0 |   0.0
        D:3 |      95 |       0 |   0.0 |      23 |       0 |   0.0
        D:4 |      86 |      37 |  30.1 |      14 |       1 |   6.7
     Temple |     184 |       0 |   0.0 |       3 |       0 |   0.0
            +---------+---------+-------+---------+---------+-------
